 Dungeon Crawl Stone Soup version 0.26-a0-663-g36e8fdb655 (webtiles) character file.

Game seed: 12341213407746312866

62187 DoubleLucky the Tainter (level 15, -14/72 HPs)
             Began as a Tengu Venom Mage on Oct 9, 2020.
             Was a High Priest of Vehumet.
             Killed by the air
             ... invoked by Gastronok
              (23 damage)
             ... on level 1 of the Orcish Mines on Oct 11, 2020.
             The game lasted 03:45:21 (38317 turns).

DoubleLucky the Tainter (Tengu Venom Mage)         Turns: 38317, Time: 03:45:21

Health: -14/72     AC: 11    Str: 16    XL:     15   Next: 5%
Magic:  4/31       EV: 17    Int: 29    God:    Vehumet [*****.]
Gold:   1619       SH:  7    Dex: 22    Spells: 3/37 levels left

rFire    . . .     SeeInvis .   O - staff of conjuration
rCold    . . .     Faith    .   x - +1 buckler {AC+3}
rNeg     + . .     Spirit   .   G - +2 robe {rN+}
rPois    .         Reflect  .   (helmet restricted)
rElec    .         Harm     .   k - +0 cloak
rCorr    .         Rampage  .   S - +2 pair of gloves
MR       +....                  (boots unavailable)
Stlth    +++.......             L - amulet of regeneration
HPRegen  0.62/turn              j - ring "Inilu" {Int+5 Dex+6}
MPRegen  0.22/turn              E - ring "Bexanoap" {+Fly Str+7 Int+4}

@: flying quickly and evasively, quick
A: beak, talons 3, able to fly
a: Stop Flying, Renounce Religion


You were on level 1 of the Orcish Mines.
You worshipped Vehumet.
Vehumet was extremely pleased with you.
You visited 4 branches of the dungeon, and saw 21 of its levels.
You also visited: Sewer, Ossuary and Gauntlet.

You collected 2283 gold pieces.
You spent 664 gold pieces at shops.

Inventory:

Hand Weapons
 l - a +1 dagger of venom
 r - the +8 flail "Mazajig" {freeze, rElec Str+6}
   (You found it on level 2 of the Lair of Beasts)

   It has been specially enchanted to freeze those struck by it, causing extra
   injury to most foes and up to half again as much damage against particularly
   susceptible opponents.
   It can also slow down cold-blooded creatures.
   It affects your strength (+6).
   It insulates you from electricity.
 X - the +5 fustibalus of Slime {flame, rC+ rN+ MP-9 Dex+4}
   (You found it on level 3 of the Lair of Beasts)

   It causes projectiles fired from it to burn those they strike, causing extra
   injury to most foes and up to half again as much damage against particularly
   susceptible opponents.
   It affects your dexterity (+4).
   It protects you from cold.
   It protects you from negative energy.
   It affects your magic capacity (-9).
Missiles
 t - 78 poisoned darts (quivered)
 F - 7 datura-tipped darts
 Q - a throwing net
Armour
 k - a +0 cloak (worn)
 x - a +1 buckler of protection (worn)
 C - +0 steam dragon scales
 G - a +2 robe of positive energy (worn)
 S - a +2 pair of gloves (worn)
Magical Staves
 e - an uncursed staff of fire
 i - an uncursed staff of conjuration
 O - an uncursed staff of conjuration (weapon)
Jewellery
 j - the ring "Inilu" (left hand) {Int+5 Dex+6}
   (You took it off a centaur warrior on level 12 of the Dungeon)

   [ring of dexterity]

   It affects your intelligence (+5).
   It affects your dexterity (+6).
 s - a +4 ring of protection
 u - an uncursed ring of ice
 y - the ring "Xekko" {*Slow rC+++ MR+ Str+5}
   (You took it off an orc knight on level 12 of the Dungeon)

   [ring of protection from magic]

   It affects your strength (+5).
   It renders you almost immune to cold.
   It affects your resistance to hostile enchantments.
   It may slow you when you take damage.
 E - the ring "Bexanoap" (right hand) {+Fly Str+7 Int+4}
   (You found it on level 12 of the Dungeon)

   [ring of flight]

   It affects your strength (+7).
   It affects your intelligence (+4).
   It lets you fly.
 J - an uncursed amulet of guardian spirit
 L - an amulet of regeneration (around neck)
 M - the cursed ring of Sebops {MP+9 Str-4, unknown}
   (You found it in a Gauntlet)

   [ring of strength]

   It affects your strength (-4).
   It affects your magic capacity (+9).
   It has a curse placed upon it.
 P - a cursed ring of teleportation {unknown}
 Y - an uncursed ring of protection from magic
Wands
 w - a wand of iceblast (30)
 D - a wand of paralysis (21)
 K - a wand of flame (23)
 V - a wand of random effects (14)
 W - a wand of disintegration (14)
 Z - a wand of digging (4)
Scrolls
 c - 16 scrolls of teleportation
 d - a scroll of amnesia
 h - 4 scrolls of remove curse
 m - 5 scrolls of enchant armour
 o - a scroll of fear
 p - 6 scrolls of immolation
 q - 7 scrolls of magic mapping
 v - 6 scrolls of enchant weapon
 A - 5 scrolls of fog
 N - 2 scrolls of blinking
 R - 2 scrolls of brand weapon
 T - 3 scrolls of summoning {unknown}
Potions
 a - a potion of cancellation
 b - 3 potions of might
 f - 3 potions of magic
 g - 7 potions of brilliance
 n - a potion of heal wounds
 B - a potion of invisibility {unknown}
 H - 4 potions of lignification
 I - 4 potions of mutation
Miscellaneous
 z - a lightning rod (4/4)


   Skills:
 - Level 3.0 Dodging
 - Level 3.0 Stealth
 - Level 4.1 Shields
 + Level 11.7 Spellcasting
 - Level 6.0 Conjurations
 - Level 10.0 Transmutations
 - Level 2.4 Fire Magic
 + Level 5.3 Earth Magic
 + Level 12.8 Poison Magic
 + Level 11.4 Evocations


You had 3 spell levels left.
You knew the following spells:

 Your Spells              Type           Power        Failure   Level
a - Sting                 Tmut/Pois      ####         1%          1
b - Poisonous Vapours     Pois/Air       ######       1%          2
c - Mephitic Cloud        Conj/Pois/Air  ######..     1%          3
d - Ignite Poison         Fire/Tmut/Pois ######..     1%          3
e - Olgreb's Toxic Radia  Pois           #######.     1%          4
f - Blink                 Tloc           N/A          4%          2
g - Iron Shot             Conj/Erth      ######....   13%         6
h - Orb of Destruction    Conj           ######....   47%         7
i - Fireball              Conj/Fire      ######....   4%          5
m - Shock                 Conj/Air       ####         1%          1

Your spell library contained the following spells:

 Spells                   Type           Power        Failure   Level
 Spellforged Servitor     Conj/Summ      ######....   86%         7
 Magic Dart               Conj           ####         1%          1
 Conjure Flame            Conj/Fire      ######..     1%          3
 Spider Form              Tmut/Pois      ######....   1%          3
 Animate Skeleton         Necr           ###...       3%          1
 Apportation              Tloc           ###...       3%          1
 Pain                     Necr           ###.         3%          1
 Call Imp                 Summ           ###.....     4%          2
 Slow                     Hex            ###.....     4%          2
 Lesser Beckoning         Tloc           ###.......   10%         3
 Tukima's Dance           Hex            ###.....     10%         3
 Vampiric Draining        Necr           ###.......   10%         3
 Alistair's Intoxication  Tmut/Pois      ######...    1%          5
 Bolt of Magma            Conj/Fire/Erth ######....   3%          5
 Leda's Liquefaction      Hex/Erth       ####......   11%         4
 Statue Form              Tmut/Erth      ######...    21%         6
 Animate Dead             Necr           ###.......   30%         4
 Agony                    Necr           ###.....     65%         5
 Invisibility             Hex            ###.....     99%         6
 Shatter                  Erth           #####.....   100%        9


Dungeon Overview and Level Annotations

Branches:
Dungeon (13/15)            Temple (1/1) D:7            Lair (5/6) D:9
  Swamp (0/4) Lair:3       Spider (0/4) Lair:2          Orc (2/2) D:12
    Elf (0/3) Orc:2         Sewer (visited)         Ossuary (visited)
Gauntlet (visited)
  Slime: Lair:5-6    Vaults: D:13-14

Altars:
Ashenzari
Cheibriados
Dithmenos
Elyvilon
Fedhas
Gozag
Hepliaklqana
Kikubaaqudgha
Makhleb
Nemelex Xobeh
Okawaru
Qazlal
Ru
Sif Muna
Trog
Uskayaw
Vehumet
Wu Jian
Xom
Yredelemnul
Zin
The Shining One
Beogh

Shops:
D:4 *   D:9 ?   Orc:2 [(*[

Annotations:
D:12 2 runed translucent doors
Orc:1 Gastronok
Orc:2 exclusion: upstairs


Innate Abilities, Weirdness & Mutations

You have a beak for a mouth.
You have claws for feet.
You can fly continuously.


Message History

The poisonous vapours increase!
Gastronok looks even sicker.
Your toxic aura wanes.
Gastronok is engulfed in poison gas.
Gastronok looks as sick as possible!
Gastronok waves his eye-stalks in wide circles.
The air twists around and violently strikes you in flight!!!
Ouch! That really hurt!
* * * LOW HITPOINT WARNING * * *
As you read the scroll of fog, it crumbles to dust.
The scroll dissolves into smoke.
Casting: Poisonous Vapours (safe; 1% risk of failure)
Confirm with . or Enter, or press ? or * to list all spells.
Aiming: Mephitic Cloud (safe; 1% risk of failure)
Press: ? - help, Shift-Dir - straight line, f - troll, p - Gastronok
Aim: a troll You feel a surge of power!
The ball explodes into a vile cloud!
The stinking cloud engulfs the troll but does no damage.
The troll is engulfed in noxious fumes.
Gastronok waves his eye-stalks in wide circles.
The air twists around and violently strikes you in flight!!
You die...

#.....## ##.....w...
##....# #.....§#.#.
#...## ##.#.§.##..
##.## ###§§###. #...#
####§§§..##. ### ###.##
####.w§##§§#... ##[##
##.###
###§§.####.§.....
.<..####....#####.T####
##.##.##
.[[[.##.#....##.@###
### ##
..[[...........###
.##.....#....##.##
###[[..#....##...#
.....[..#.####...#
..[[....#..##....##
..##..............#
...##...)..##....##
#......)..##.#...#


You could see Gastronok (swift, very poisoned) and a troll.

Vanquished Creatures
  Snorg (Orc:2)
  A dire elephant (Gauntlet)
  A minotaur (Gauntlet)
  9 hydras
  A centaur warrior (D:12)
  2 catoblepae
  4 two-headed ogres
  3 death yaks (D:9)
  An orc high priest (Orc:2)
  3 skeletal warriors
  2 unseen horrors (D:12)
  Pikel (D:5)
  An orc knight (D:12)
  6 orc sorcerers
  2 manticores (D:10)
  2 oklob plants (Lair:4)
  An ugly thing (D:11)
  6 elephants
  A torpor snail (Lair:3)
  2 cyclopes (D:12)
  Joseph (D:8)
  A black mamba (Lair:2)
  A kobold demonologist (D:12)
  An efreet (D:12)
  4 komodo dragons
  8 cane toads
  8 trolls
  A polar bear (Lair:4)
  A merfolk (D:10)
  A raiju (Gauntlet)
  A hornet (D:12)
  72 yaks
  A tarantella (Lair:2)
  2 shadows
  A wraith (D:10)
  3 wyverns (D:10)
  3 hogs (D:10)
  3 basilisks
  3 steam dragons
  7 vampire mosquitoes
  An acid dragon (D:11)
  4 wargs
  A soldier ant (D:12)
  7 water moccasins
  29 orc warriors
  2 sky beasts
  6 ice beasts
  8 black bears (D:10)
  An eye of draining (D:9)
  7 ogres
  5 wolves (Lair:3)
  3 phantoms
  3 necrophages
  2 lemures (D:6)
  5 centaurs
  5 big kobolds
  4 gnoll sergeants (D:10)
  21 bullfrogs
  A wyvern skeleton (D:12)
  3 scorpions
  21 killer bees
  7 wights
  A howler monkey (D:10)
  7 electric eels (D:10)
  A bullfrog zombie (D:9)
  A human zombie (Ossuary)
  3 jellies
  6 centaur zombies
  10 hounds
  3 gnoll shamans (D:10)
  16 orc priests
  2 centaur skeletons
  5 iguanas
  30 orc wizards
  13 worker ants
  7 hell rats (Lair:3)
  A hound zombie (D:9)
  A hound skeleton (D:9)
  4 mummies (Ossuary)
  2 howler monkey skeletons
  13 adders
  3 river rats
  4 shadow imps
  5 white imps
  An ufetubus (D:8)
  An ooze (Sewer)
  4 adder skeletons
  7 worms
  2 dart slugs
  2 leopard geckos (D:6)
  113 orcs
  8 bats
  8 giant cockroaches
  2 gnoll zombies (Ossuary)
  6 hobgoblins
  6 jackals
  8 quokkas
  6 ball pythons
  7 frilled lizards
  16 goblins
  21 kobolds
  A kobold zombie (Ossuary)
  3 orc zombies (Ossuary)
  A quokka skeleton (D:4)
  A quokka zombie (D:7)
  9 rats
  3 bushes (Lair:4)
693 creatures vanquished.

Vanquished Creatures (others)
  An unseen horror (D:12)
  A slime creature (D:12)
  26 demonic plants (Gauntlet)
  44 fungi
  133 plants
205 creatures vanquished.

Grand Total: 898 creatures vanquished

Notes
Turn   | Place    | Note
-------+----------+-------------------------------------------
     0 | D:1      | DoubleLucky the Tengu Venom Mage began the quest for the
                  | Orb.
     0 | D:1      | Reached XP level 1. HP: 10/10 MP: 4/4
   526 | D:1      | Reached skill level 1 in Transmutations
   526 | D:1      | Reached XP level 2. HP: 15/15 MP: 3/6
  1163 | D:2      | Reached XP level 3. HP: 11/19 MP: 0/7
  1697 | D:2      | Learned a level 2 spell: Poisonous Vapours
  1922 | D:2      | Reached XP level 4. HP: 21/24 MP: 5/8
  3348 | D:3      | Found an ancient bone altar of Kikubaaqudgha.
  3349 | D:3      | Found a white marble altar of Elyvilon.
  3349 | D:3      | Found a sparkling altar of Nemelex Xobeh.
  3351 | D:3      | Found a glowing golden altar of the Shining One.
  3351 | D:3      | Found a basalt altar of Yredelemnul.
  3353 | D:3      | Found a snail-covered altar of Cheibriados.
  3353 | D:3      | Found an ornate altar of the Wu Jian Council.
  3354 | D:3      | Found a radiant altar of Vehumet.
  3367 | D:3      | Became a worshipper of Vehumet
  3738 | D:3      | Gained mutation: You can fly continuously. [Tengu growth]
  3738 | D:3      | Reached XP level 5. HP: 24/28 MP: 4/10
  3835 | D:3      | Found a shimmering blue altar of Sif Muna.
  4003 | D:3      | Reached skill level 4 in Poison Magic
  4467 | D:4      | Reached XP level 6. HP: 32/32 MP: 11/11
  4472 | D:4      | Learned a level 3 spell: Mephitic Cloud
  4476 | D:4      | Learned a level 3 spell: Ignite Poison
  4690 | D:4      | Identified the cursed +1 ring mail of Skepticism {Str+5}
  4699 | D:4      | Reached * piety under Vehumet
  4699 | D:4      | Offered knowledge of Shock by Vehumet.
  4704 | D:4      | Learned a level 1 spell: Shock
  4880 | D:4      | Found Lacuy's Assorted Antiques.
  4889 | D:4      | Bought a wand of iceblast (11) for 112 gold pieces
  5172 | D:5      | Entered Level 5 of the Dungeon
  5200 | D:5      | Found a glowing drain.
  5230 | Sewer    | Entered a sewer
  5246 | Sewer    | Reached XP level 7. HP: 36/36 MP: 2/13
  5539 | Sewer    | Reached skill level 5 in Poison Magic
  6023 | D:5      | Learned a level 4 spell: Olgreb's Toxic Radiance
  6412 | D:5      | Offered knowledge of Freeze by Vehumet.
  6484 | D:5      | Reached ** piety under Vehumet
  6570 | D:5      | Reached XP level 8. HP: 41/41 MP: 9/16
  7017 | D:5      | Reached skill level 5 in Spellcasting
  7019 | D:5      | Reached skill level 6 in Poison Magic
  7783 | D:6      | Found a shadowy altar of Dithmenos.
  7844 | D:6      | Reached skill level 1 in Evocations
  8168 | D:6      | Noticed Pikel
  8196 | D:5      | Killed Pikel
  8196 | D:5      | Reached skill level 5 in Transmutations
  8196 | D:5      | Reached XP level 9. HP: 33/45 MP: 8/18
  8608 | D:6      | Reached skill level 7 in Poison Magic
  8917 | D:7      | Offered knowledge of Static Discharge by Vehumet.
  9071 | D:7      | Found a sand-covered staircase.
  9082 | Ossuary  | Entered an ossuary
  9133 | Ossuary  | Reached *** piety under Vehumet
  9788 | D:7      | Offered knowledge of Dazzling Flash by Vehumet.
  9901 | D:7      | Found a staircase to the Ecumenical Temple.
 10017 | Temple   | Entered the Ecumenical Temple
 11514 | D:8      | Noticed Joseph
 11528 | D:8      | Killed Joseph
 11528 | D:8      | Reached XP level 10. HP: 37/50 MP: 6/21
 11661 | D:8      | Reached skill level 8 in Poison Magic
 11839 | D:8      | Reached **** piety under Vehumet
 11950 | D:8      | Offered knowledge of Irradiate by Vehumet.
 12018 | D:8      | Reached skill level 5 in Evocations
 12336 | D:8      | Found a roughly hewn altar of Beogh.
 12483 | D:8      | Found a sacrificial altar of Ru.
 14112 | D:9      | Noticed a death yak
 14116 | D:9      | Noticed a death yak
 14156 | D:9      | Killed a death yak
 14156 | D:9      | Reached skill level 9 in Poison Magic
 14156 | D:9      | Reached XP level 11. HP: 54/54 MP: 15/24
 14269 | D:9      | Reached ***** piety under Vehumet
 14402 | D:9      | Offered knowledge of Orb of Destruction by Vehumet.
 14419 | D:9      | Learned a level 7 spell: Orb of Destruction
 14521 | D:9      | Killed a death yak
 14523 | D:9      | Noticed a death yak
 14528 | D:9      | Killed a death yak
 14583 | D:9      | Found a staircase to the Lair.
 14648 | D:9      | Found a blossoming altar of Fedhas.
 14648 | D:9      | Found a bloodstained altar of Trog.
 14655 | D:9      | Found a shadowy altar of Dithmenos.
 14659 | D:9      | Found a glowing silver altar of Zin.
 14841 | D:9      | Found Yhuusue's Magic Scroll Boutique.
 14856 | D:9      | Bought a scroll of blinking for 112 gold pieces
 14856 | D:9      | Bought 3 scrolls of teleportation for 135 gold pieces
 14856 | D:9      | Bought a scroll of teleportation for 45 gold pieces
 14869 | D:10     | Entered Level 10 of the Dungeon
 15041 | D:10     | Noticed a two-headed ogre
 15046 | D:10     | Killed a two-headed ogre
 15498 | D:10     | Reached skill level 10 in Poison Magic
 16178 | D:10     | Reached XP level 12. HP: 59/59 MP: 9/26
 16587 | D:10     | Noticed a two-headed ogre
 16587 | D:10     | Offered knowledge of Starburst by Vehumet.
 16630 | D:10     | Killed a two-headed ogre
 17368 | D:10     | Found a radiant altar of Vehumet.
 19127 | D:11     | Reached skill level 1 in Shields
 20265 | D:10     | Found a radiant altar of Vehumet.
 21248 | D:11     | Reached skill level 11 in Poison Magic
 22075 | D:11     | Reached skill level 10 in Spellcasting
 22338 | D:11     | Learned a level 6 spell: Iron Shot
 23264 | D:12     | Reached skill level 1 in Conjurations
 23364 | D:12     | Found an opulent altar of Gozag.
 23381 | D:12     | Reached skill level 1 in Fire Magic
 23528 | D:12     | Found a staircase to the Orcish Mines.
 23711 | D:12     | Noticed an eight-headed hydra
 23712 | D:12     | Identified the ring "Inilu" {Int+5 Dex+6}
 23712 | D:12     | Noticed a centaur warrior
 24082 | Lair:1   | Entered Level 1 of the Lair of Beasts
 24098 | Lair:1   | Reached XP level 13. HP: 44/63 MP: 21/28
 24164 | Lair:1   | Reached skill level 1 in Earth Magic
 25580 | Lair:2   | Upgraded the game from 0.26-a0-661-g406de6ba63 to
                  | 0.26-a0-663-g36e8fdb655
 25727 | Lair:2   | Found a hole to the Spider Nest.
 25940 | Lair:2   | Offered knowledge of Fireball by Vehumet.
 25948 | Lair:2   | Learned a level 2 spell: Blink
 26254 | Lair:2   | Got a pitted flail
 26254 | Lair:2   | Identified the +8 flail "Mazajig" {freeze, rElec Str+6}
                  | (You found it on level 2 of the Lair of Beasts)
 26307 | Lair:2   | Got a polished plate armour
 26317 | Lair:2   | Identified the cursed +1 plate armour of the Gate {Regen+}
                  | (You found it on level 2 of the Lair of Beasts)
 27666 | Lair:3   | Found a staircase to the Swamp.
 28426 | Lair:2   | Reached skill level 10 in Evocations
 28702 | Lair:3   | Reached skill level 5 in Conjurations
 29481 | Lair:3   | Got a dazzling fustibalus
 29481 | Lair:3   | Identified the +5 fustibalus of Slime {flame, rC+ rN+ MP-9
                  | Dex+4} (You found it on level 3 of the Lair of Beasts)
 29544 | Lair:3   | Reached XP level 14. HP: 68/68 MP: 22/29
 30195 | Lair:3   | Learned a level 5 spell: Fireball
 30323 | Lair:4   | Reached skill level 10 in Transmutations
 30436 | Lair:4   | Reached skill level 12 in Poison Magic
 33238 | D:12     | HP: 2/68 [something (2)]
 33447 | D:12     | HP: 3/68 [eight-headed hydra (4)]
 33453 | D:12     | HP: 2/68 [killer bee (3)]
 33571 | D:12     | Identified the ring "Xekko" {*Slow rC+++ MR+ Str+5}
 34938 | D:12     | Found a blossoming altar of Fedhas.
 34961 | D:12     | Found a runed translucent door.
 34962 | D:12     | Found a runed translucent door.
 35002 | D:12     | Got a bound wooden ring
 35024 | D:12     | Got a translucent tin ring
 35027 | D:12     | Identified the ring of the Scavenger {Dex+4 Stlth-} (You
                  | found it on level 12 of the Dungeon)
 35029 | D:12     | Identified the ring "Bexanoap" {+Fly Str+7 Int+4} (You
                  | found it on level 12 of the Dungeon)
 35307 | Orc:1    | Entered Level 1 of the Orcish Mines
 35339 | Orc:1    | Offered knowledge of Spellforged Servitor by Vehumet.
 35797 | Orc:2    | Entered Level 2 of the Orcish Mines
 35797 | Orc:2    | Found a staircase to the Elven Halls.
 35797 | Orc:2    | Noticed Snorg
 35914 | Orc:2    | Killed Snorg
 36088 | Orc:2    | Paralysed by an orc sorcerer for 6 turns
 36256 | Orc:2    | Found Oroosoi's Antique Armour Emporium.
 36256 | Orc:2    | Found Opnatz's Antique Armour Shoppe.
 36256 | Orc:2    | Found Weichy's Antique Weapon Shoppe.
 36263 | Orc:2    | Reached skill level 5 in Earth Magic
 36264 | Orc:2    | Found Narokhim's General Store.
 36316 | Orc:2    | Found a gate leading to a gauntlet.
 36328 | Gauntlet | Entered a Gauntlet
 36328 | Gauntlet | Found a transporter.
 36340 | Gauntlet | Found a transporter.
 36354 | Gauntlet | Found a transporter.
 36359 | Gauntlet | Found a transporter.
 36376 | Gauntlet | Found a transporter.
 36394 | Gauntlet | Found a transporter.
 36406 | Gauntlet | Found a transporter.
 36416 | Gauntlet | Noticed a dire elephant
 36418 | Gauntlet | Found a transporter.
 36429 | Gauntlet | Noticed a balrug
 36430 | Gauntlet | Found a transporter.
 36438 | Gauntlet | Found a large runed translucent door.
 36439 | Gauntlet | Found a large runed translucent door.
 36440 | Gauntlet | Found a large runed translucent door.
 36440 | Gauntlet | Found a large runed translucent door.
 36441 | Gauntlet | Found a runed translucent gate.
 36442 | Gauntlet | Found a transporter.
 36442 | Gauntlet | Found a runed translucent gate.
 36443 | Gauntlet | Found a runed translucent gate.
 36444 | Gauntlet | Found a large runed translucent door.
 36444 | Gauntlet | Found a large runed translucent door.
 36445 | Gauntlet | Found a large runed translucent door.
 36446 | Gauntlet | Found a large runed translucent door.
 36455 | Gauntlet | Found a large runed translucent door.
 36455 | Gauntlet | Found a large runed translucent door.
 36455 | Gauntlet | Found a runed translucent door.
 36455 | Gauntlet | Found a runed translucent door.
 36456 | Gauntlet | Found a large runed translucent door.
 36457 | Gauntlet | Found a large runed translucent door.
 36459 | Gauntlet | Found a transporter.
 36467 | Gauntlet | Found a large runed translucent door.
 36467 | Gauntlet | Found a large runed translucent door.
 36468 | Gauntlet | Found a large runed translucent door.
 36469 | Gauntlet | Found a large runed translucent door.
 36477 | Gauntlet | Found a transporter.
 36479 | Gauntlet | Found a transporter.
 36505 | Gauntlet | Found a transporter.
 36507 | Gauntlet | Found a transporter.
 36527 | Gauntlet | Found a transporter.
 36605 | Gauntlet | Found a transporter.
 36625 | Gauntlet | Found a transporter.
 37150 | Gauntlet | Killed a dire elephant
 37155 | Gauntlet | Got a glittering ivory ring
 37283 | Gauntlet | Identified Zohaysoc's Collected Works on Cankerous Shape
                  | Shifting
 37299 | Orc:2    | Reached XP level 15. HP: 72/72 MP: 20/31
 37616 | Orc:2    | Bought a shiny buckler for 180 gold pieces
 37634 | Orc:2    | Bought a potion of heal wounds for 50 gold pieces
 37634 | Orc:2    | Bought a scroll of teleportation for 30 gold pieces
 38223 | Orc:1    | Noticed Gastronok
 38305 | Orc:1    | HP: 2/72 [Gastronok/the air (47)]
 38317 | Orc:1    | Killed from afar by Gastronok

Illustrated notes

Levels and vault maps discovered:
D:1:      dpeg_cavernosity, layout_basic
D:2:      layout_basic, minmay_pentomino_p4
D:3:      layout_rooms, grunt_temple_overflow_open, tgw_sif
D:4:      layout_rooms, serial_shops, shop
D:5:      layout_basic, cheibrodos_sewer_entry_sluice, st_stairs_5
D:6:      layout_gridville, nicolae_dithmenos_through_a_glass_darkly, uniq_pikel
D:7:      layout_rooms, minmay_temple_entry_waves,
          nicolae_ossuary_entry_monument, fountainhead
D:8:      layout_loops_ring, nicolae_ru_sacrificial_ziggurat, special_room
          [special_room_orc], uniq_joseph
D:9:      layout_roguey, minitemple, dpeg_lair_monsters,
          kennysheep_windowed_goal
D:10:     kennysheep_town, serial_shops
D:11:     layout_cave_pods
D:12:     minmay_the_grid_triangle_9x9_recursive_3_mashed
          [minmay_the_grid_triangle_9x9_corruption,
          minmay_the_grid_triangle_9x9_tough_junction,
          minmay_the_grid_triangle_9x9_wacky_v,
          minmay_the_grid_triangle_9x9_prize_special,
          minmay_the_grid_triangle_9x9_corrupted_corridor,
          minmay_the_grid_triangle_9x9_shrine,
          minmay_the_grid_triangle_9x9_longest,
          minmay_the_grid_triangle_9x9_from_above,
          minmay_the_grid_triangle_9x9_swiss_cheese], layout_irregular_city,
          basic_altar
D:13:     layout_rooms, kennysheep_potato
Temple:   chequers_temple_sunken
Lair:1:   layout_long_grid, chequers_serial_rivers_large_a
Lair:2:   layout_cave_pods, spider_nest_entry_rubble
Lair:3:   layout_layer_cave, minmay_swamp_entry_swarm, grunt_megastairs_4,
          infiniplex_staircase_pool_2
Lair:4:   layout_loops_ring, dpeg_oklob_1, infiniplex_staircase_pool
Lair:5:   statuecave_lemuel, layout_gridlike, grunt_megastairs_5
Orc:1:    layout_caves, uniq_gastronok
Orc:2:    st_orc_mages, layout_caves, gauntlet_entry_generic, uniq_snorg

Skill      XL: |  1  2  3  4  5  6  7  8  9 10 11 12 13 14 |
---------------+-------------------------------------------+-----
Transmutations | 1 2 3 5 6 7 8 9 10 | 10.0
Dodging        | 3 |  3.0
Stealth        | 3 |  3.0
Spellcasting   | 3 4 5 6 8 9 10 11 | 11.7
Poison Magic   | 4 5 6 7 9 10 11 12 | 12.8
Evocations     | 2 4 6 8 9 10 11 | 11.4
Shields        | 2 4 |  4.1
Conjurations   | 1 5 6 |  6.0
Fire Magic     | 1 2 |  2.4
Earth Magic    | 3 5 |  5.3

Action                   |  1- 3 |  4- 6 |  7- 9 | 10-12 | 13-15 || total
-------------------------+-------+-------+-------+-------+-------++-------
Melee: Dagger            |    31 |    61 |   232 |   488 |    58 ||   870
       Kick              |     7 |    14 |    64 |   150 |    62 ||   297
       Peck              |     4 |     9 |    51 |   100 |    50 ||   214
       Staff             |       |       |       |       |   144 ||   144
       Flail             |       |       |       |       |    13 ||    13
Throw: Stone             |    13 |    15 |       |       |       ||    28
       Dart              |       |     3 |    40 |    14 |       ||    57
 Cast: Sting             |    49 |    31 |    57 |    96 |   146 ||   379
       Poisonous Vapours |     1 |    66 |    94 |   190 |   123 ||   474
       Olgreb's Toxic Ra |       |       |     8 |    54 |    61 ||   123
       Ignite Poison     |       |       |    13 |    79 |   139 ||   231
       Mephitic Cloud    |       |       |    10 |    83 |   104 ||   197
       Shock             |       |       |       |       |    13 ||    13
       Fireball          |       |       |       |       |    23 ||    23
       Blink             |       |       |       |       |     5 ||     5
 Abil: Fly               |       |     1 |       |       |       ||     1
Evoke: Wand              |       |       |       |       |    14 ||    14
  Use: Scroll            |       |    12 |     2 |     9 |    16 ||    39
       Potion            |       |       |       |     4 |    18 ||    22
 Stab: Sleeping          |     1 |     5 |     2 |     4 |       ||    12
       Distracted        |       |       |     1 |       |       ||     1
       Confused          |       |       |       |     1 |       ||     1
Armor: Robe              |    10 |    22 |    50 |   166 |   162 ||   410
Dodge: Dodged            |    43 |    53 |   175 |   432 |   363 ||  1066
Block: Buckler           |       |       |       |       |   102 ||   102

Table legend: (Time is in decaauts)
 A = Elapsed time spent in this place.
 B = Non-inter-level travel time spent in this place.
 C = Inter-level travel time spent in this place.
 D = Time resting spent in this place.
 E = Time spent auto-exploring this place.
 F = Levels seen in this place.
 G = Mean time per level.
                   A        B        C        D        E       F      G
               +--------+--------+--------+--------+--------+-----+--------+
         Total |  36783 |  35705 |   1078 |   9268 |  17652 |  24 | 1532.6 |
       Dungeon |  23532 |  22832 |    700 |   5029 |  11964 |  13 | 1810.2 |
        Temple |    730 |    694 |     36 |    100 |    592 |   1 |  730.0 |
          Lair |   8545 |   8257 |    288 |   3489 |   3130 |   5 | 1709.0 |
  Orcish Mines |   1750 |   1697 |     53 |    434 |    709 |   2 |  875.0 |
         Sewer |    760 |    760 |      0 |      0 |    538 |   1 |  760.0 |
       Ossuary |    592 |    592 |      0 |    104 |    314 |   1 |  592.0 |
      Gauntlet |    872 |    872 |      0 |    112 |    403 |   1 |  872.0 |
               +--------+--------+--------+--------+--------+-----+--------+

Top non-repeatable levels by time:
    D:10: 5543 daAuts
    D:12: 2915 daAuts
    D:11: 2621 daAuts
  Lair:2: 2550 daAuts
  Lair:3: 2414 daAuts
  Lair:4: 2391 daAuts
     D:8: 2124 daAuts
     D:2: 1836 daAuts
     D:5: 1671 daAuts
     D:9: 1537 daAuts
     D:3: 1414 daAuts
  Lair:1: 1187 daAuts
     D:1: 1133 daAuts
     D:6: 1069 daAuts
     D:7: 912 daAuts
